 Dungeon Crawl Stone Soup version 0.22-a0-362-g535178c (webtiles) character file.

49 mortelune the Skirmisher (level 3, -1/29 HPs)
             Began as a Demonspawn Abyssal Knight on Apr 21, 2018.
             Was a Follower of Lugonu.
             Killed from afar by an orc (7 damage)
             ... with a wand of flame (17)
             ... on level 3 of the Dungeon.
             The game lasted 00:03:36 (2293 turns).

mortelune the Skirmisher (DsAK)                     Turns: 2293, Time: 00:03:37

Health: -1/29      AC:  5    Str: 13    XL:     3   Next: 51%
Magic:  4/4        EV: 11    Int: 13    God:    Lugonu [*.....]
Gold:   72         SH:  0    Dex: 12    Spells: 2/2 levels left

rFire    . . .     SeeInvis .   a - +1 falchion
rCold    . . .     Gourm    .   (no shield)
rNeg     . . .     Faith    .   l - +0 ring mail
rPois    .         Spirit   .   (helmet restricted)
rElec    .         Reflect  .   (no cloak)
rCorr    .         Harm     .   (no gloves)
MR       .....                  (no boots)
Stlth    +.........             (no amulet)
HPRegen  0.09/turn              (no ring)
MPRegen  0.09/turn              (no ring)

@: no status effects
A: antennae 1, demonic guardian 1
a: Depart the Abyss, Renounce Religion


You were on level 3 of the Dungeon.
You worshipped Lugonu.
Lugonu was aware of your devotion.
You were not hungry.

You visited 1 branch of the dungeon, and saw 3 of its levels.
You visited the Abyss 1 time.

You collected 72 gold pieces.

Inventory:

Hand Weapons
 a - a +1 falchion (weapon)
 b - a +0 blowgun
Missiles
 p - 8 poisoned needles
Armour
 l - a +0 ring mail (worn)
 o - a +0 leather armour
Scrolls
 e - a scroll of immolation {unknown}
 g - a scroll of blinking {unknown}
 h - 2 scrolls of enchant weapon {unknown}
 i - 2 scrolls of fear {unknown}
 k - a scroll of remove curse {unknown}
 m - 2 scrolls of identify {unknown}
Potions
 d - 4 potions of heal wounds {unknown}
 f - 2 potions of haste {unknown}
 j - a potion of curing {unknown}
 n - a potion of agility {unknown}
Comestibles
 c - 2 rations


   Skills:
 + Level 3.4 Fighting
 * Level 2.8 Long Blades
 - Level 1.7 Armour
 + Level 1.6 Dodging
 - Level 2.4 Invocations


You had 2 spell levels left.
You didn't know any spells.

Dungeon Overview and Level Annotations

Branches:
Dungeon (3/15)

Altars:


Innate Abilities, Weirdness & Mutations

You have a pair of small antennae on your head.
A weak demonic guardian rushes to your aid.


Message History

You kill the hobgoblin!
Lugonu accepts your kill.
The orc zaps a wand.
The puff of flame hits you!
It is a wand of flame (19).
The kobold throws a stone.
The stone hits you.
An orc wizard comes into view. It is wielding a dagger.
You see here a stone.
You barely miss the orc.
The orc zaps a wand.
The puff of flame hits you! The orc hits you with a falchion.
You hit the orc but do no damage. The orc barely misses you.
You riposte.
You hit the orc.
The orc is lightly wounded.
You hit the orc but do no damage.
The orc is lightly wounded.
The orc zaps a wand.
The puff of flame hits you!
* * * LOW HITPOINT WARNING * * *
An orc comes into view. It is wielding a dagger.
You hit the orc.
The orc is moderately wounded.
The orc zaps a wand.
The puff of flame hits you!
You die...

.....(###.....#
............[##
......###..#..#
#..#.##
#.###.## #.....
#.# #..# .#
##.#### #.#
##.# ... #..
#.# #.## ..#
##. ..#
#..##### #.#
..#
##.@ogo###...#
#####Ko.#..###.
###†.......
#........#
#..)..........#
..###..........
...####.o...
.#.# ....# ..
#. ....#


You could see 3 orcs, a goblin and a kobold.

Vanquished Creatures
  2 adders (D:3)
  2 oozes (D:1)
  A dart slug (D:1)
  4 goblins
  2 hobgoblins
  6 bats (D:1)
  3 kobolds
  A rat (D:1)
21 creatures vanquished.

Notes
Turn   | Place    | Note
-------+----------+-------------------------------------------
     0 | Abyss:1  | mortelune the Demonspawn Abyssal Knight began the quest for the Orb.
     0 | Abyss:1  | Reached XP level 1. HP: 18/18 MP: 2/2
   110 | Abyss:1  | Found a corrupted altar of Lugonu.
   176 | Abyss:1  | Noticed a red very ugly thing
   177 | D:1      | Escaped the Abyss
   399 | D:1      | Reached skill level 1 in Dodging
  1275 | D:1      | Gained mutation: A weak demonic guardian rushes to your aid. [demonic ancestry]
  1275 | D:1      | Reached XP level 2. HP: 24/24 MP: 3/3
  1319 | D:1      | Reached * piety under Lugonu
  1509 | D:3      | Gained mutation: You have a pair of small antennae on your head. [demonic ancestry]
  1509 | D:3      | Reached XP level 3. HP: 15/29 MP: 4/4
  2293 | D:3      | Killed from afar by an orc

Vault maps used:
D:1:      lightli_arrival_chessboard, nrook_mini_backslash
D:2:      uniq_jessica
D:3:      fedhas_altar_2

Skill      XL: |  1 |
---------------+----+-----
Dodging        | 1 |  1.6
Long Blades    | 2 |  2.8
Fighting       | |  3.4
Armour         | |  1.7
Invocations    | |  2.4

Action                   || total
-------------------------++-------
Melee: Falchion          ||    57
Invok: Depart the Abyss  ||     1
  Eat: Chunk             ||     2
       Ration            ||     1
Armor: Leather armour    ||     8
       Ring mail         ||    20
Dodge: Dodged            ||    57
       Rpst.: Falchion   ||    22

Table legend:
 A = Spawn XP
 B = Non-spawn XP
 C = Spawn XP percentage of total XP
 D = Spawn monster count
 E = Non-spawn monster count
 F = Spawn count percentage of total count
 G = Total turns spent on level
                    A         B        C        D         E        F      G
               +---------+---------+-------+---------+---------+-------+---------
         Total |       0 |      70 |   0.0 |       0 |      21 |   0.0 |  2293
               +---------+---------+-------+---------+---------+-------+---------
           D:1 |       0 |      36 |   0.0 |       0 |      15 |   0.0 |  1300
           D:2 |       0 |       1 |   0.0 |       0 |       1 |   0.0 |    30
           D:3 |       0 |      33 |   0.0 |       0 |       5 |   0.0 |   786
               +---------+---------+-------+---------+---------+-------+---------
